Map: Dusk Towers

Players

LilDicky

  • Race: Terran Terran
  • League: Diamond

Darknez - Winner!

  • Race: Terran Terran
  • League: Diamond

VOD

http://www.twitch.tv/tumescentpie

Description

Time

  • Played on: Dec. 2, 2015, 11:16 a.m.
  • Length: 14:14
Show
View Real Time Build Order
Export as new Build Order

LilDicky Terran 

Build Orders: Banshee Rush 

Get SALT Encoding   

  12  0:01  SCV  
  13  0:13  SCV  
  14  0:18  Supply Depot  
  14  0:25  SCV  
  15  0:30  Refinery  
  15  0:39  SCV  
  16  0:46  Barracks  
  17  0:59  SCV  
  17  1:11  SCV  
  18  1:23  SCV  
  19  1:36  Marine  
  19  1:38  Supply Depot, Orbital Command  
  20  1:41  Refinery  
  20  1:45  Factory  
  20  1:54  Marine  
  20  2:05  SCV  
  21  2:12  Marine  
  22  2:17  SCV  
  23  2:31  Command Center  
  23  2:36  SCV  
  24  2:44  Starport  
  24  2:46  Factory Tech Lab  
  24  2:49  Barracks Reactor  
  24  2:52  SCV  
  25  3:04  SCV  
  29  3:26  Engineering Bay  
  26  3:27  Cloaking Field  
  26  3:28  Banshee  
  26  3:31  Marine x2  
  31  3:42  Widow Mine  
  31  3:46  Orbital Command  
  33  3:51  Supply Depot  
  33  3:58  Missile Turret  
  33  4:02  SCV  
  34  4:10  Marine x2  
  34  4:14  SCV  
  37  4:19  Banshee  
  26  4:47  Marine x2  
  26  5:05  Marine x2  
  28  5:08  Banshee  
  31  5:18  SCV x2  
  33  5:23  Factory Tech Lab  
  33  5:30  SCV  
  33  5:31  SCV  
  35  5:55  SCV  
  35  5:56  Marine  
  37  5:57  Siege Tank  
  37  5:59  Banshee  
  37  6:02  SCV  
  44  6:12  SCV  
  44  6:16  SCV  
  46  6:24  SCV  
  46  6:25  Missile Turret  
  44  6:30  Siege Tank  
  47  6:45  Marine x2  
  49  6:47  Viking  
  51  6:57  SCV x2  
  53  7:04  Refinery  
  53  7:05  Refinery  
  53  7:09  SCV  
  53  7:10  Command Center, Barracks  
  53  7:11  Barracks x2  
  54  7:17  Supply Depot  
  54  7:18  Supply Depot  
  54  7:24  SCV x2  
  45  7:33  Marine  
  45  7:34  Marine  
  45  7:36  SCV  
  42  7:39  SCV  
  42  7:44  Siege Tank  
  45  7:48  SCV  
  45  7:51  SCV  
  47  7:56  Command Center  
  47  8:00  Barracks Tech Lab x2  
  47  8:01  Barracks Reactor  
  47  8:02  SCV  
  47  8:03  SCV  
  49  8:14  SCV  
  49  8:15  SCV, Marine  
  49  8:16  Siege Tank  
  49  8:17  Medivac x2  
  59  8:21  Marine x2  
  59  8:25  Stimpack  
  59  8:26  SCV  
  62  8:27  SCV  
  62  8:28  Concussive Shells  
  62  8:29  Combat Shields  
  63  8:37  Orbital Command  
  63  8:40  SCV x2  
  65  8:41  Marine  
  65  8:42  Marine  
  65  8:43  Marine  
  68  8:52  SCV x2  
  68  8:54  Missile Turret  
  70  8:59  Sensor Tower  
  70  9:02  SCV  
  70  9:04  SCV x2  
  70  9:05  Sensor Tower  
  70  9:07  Viking  
  70  9:09  Marine  
  75  9:16  SCV  
  76  9:18  Missile Turret  
  76  9:22  Missile Turret  
  76  9:27  Marine x2  
  76  9:29  Marine x2  
  79  9:31  Viking  
  84  9:52  Viking  
  77  10:01  Viking  
  78  10:14  Siege Tank  
  75  10:22  Viking  
  77  10:31  Viking  
  79  10:45  Marine  
  79  10:46  Marine x3  
  83  10:52  Viking  
  85  11:01  Viking  
  85  11:03  Marine  
  86  11:04  Marauder, Marine x2  
  73  11:22  Marauder, Orbital Command  
  73  11:23  SCV x2  
  73  11:25  Marine x3  
  79  11:27  Viking  
  79  11:28  Siege Tank  
  85  11:39  Barracks x2  
  85  11:40  Barracks x2  
  85  11:42  Marine  
  85  11:43  SCV x2, Marine x2  
  85  11:44  SCV, Marauder  
  93  11:48  Refinery x2  
  93  11:53  Medivac  
  95  11:55  SCV  
  95  11:56  SCV  
  95  12:00  Marine x2  
  99  12:05  Missile Turret  
  99  12:11  Marine  
  100  12:16  Command Center  
  100  12:27  Siege Tank  
  97  12:30  Marauder, Marine  
  100  12:41  Marine  
  100  12:50  Viking, Medivac, Marine x2  
  100  12:51  Marauder  
  108  12:53  Supply Depot  
  108  13:03  Supply Depot  
  108  13:08  Supply Depot  
  108  13:11  Supply Depot  
  108  13:13  Supply Depot x3  
  108  13:14  SCV, Siege Tank, Marine x2  
  108  13:15  Marauder  
  108  13:16  Supply Depot  
  116  13:21  Engineering Bay  
  116  13:24  Medivac, Viking, Marine x4  
  124  13:30  SCV x2, Marine  
  124  13:32  Marine x2  
  129  13:35  Marine  
  130  13:42  SCV, Marine  
  128  13:54  SCV  
Show
View Real Time Build Order
Export as new Build Order

Darknez Terran - Winner!

Build Orders:  

Get SALT Encoding   

  12  0:08  Supply Depot  
  12  0:13  SCV  
  13  0:23  Refinery  
  13  0:25  SCV  
  14  0:39  Barracks  
  14  0:43  SCV  
  15  0:55  SCV  
  16  1:10  SCV  
  17  1:27  Orbital Command  
  18  1:36  Marine  
  18  1:41  Factory  
  18  1:54  Marine  
  18  1:57  SCV  
  20  2:10  Refinery  
  20  2:13  Command Center, SCV  
  21  2:18  Marine  
  22  2:27  Supply Depot  
  22  2:34  Starport  
  22  2:43  Factory Tech Lab  
  22  2:46  SCV  
  23  2:58  SCV  
  24  3:04  Siege Tank  
  27  3:06  Marine  
  27  3:10  SCV, Medivac  
  31  3:25  SCV  
  32  3:33  Orbital Command  
  32  3:37  SCV  
  33  3:42  Engineering Bay  
  33  3:43  Medivac  
  35  3:49  SCV  
  35  3:52  Siege Tank  
  35  3:53  Marine  
  40  3:59  Supply Depot  
  40  4:01  SCV x2  
  42  4:13  SCV  
  42  4:33  Missile Turret  
  42  4:35  Missile Turret  
  42  4:36  Missile Turret  
  39  4:39  SCV  
  39  4:41  Missile Turret x2  
  39  4:43  Missile Turret  
  39  4:44  Missile Turret  
  34  5:08  SCV x2  
  34  5:09  Siege Tank  
  34  5:11  Barracks Reactor  
  39  5:16  Barracks  
  39  5:18  Refinery x2, Barracks  
  39  5:20  SCV x2  
  41  5:22  Terran Infantry Weapons Level 1  
  41  5:32  SCV x2  
  43  5:42  Missile Turret  
  43  5:47  Viking  
  45  5:54  SCV x2  
  47  6:01  Engineering Bay  
  47  6:06  Barracks Tech Lab  
  47  6:07  Barracks Reactor  
  47  6:46  Starport Tech Lab  
  47  6:54  Starport  
  47  6:57  Missile Turret  
  47  7:01  Missile Turret  
  47  7:08  Stimpack  
  47  7:10  Supply Depot  
  47  7:11  Supply Depot x2  
  47  7:14  Supply Depot, SCV x2, Marine x5  
  54  7:27  Raven  
  54  7:28  SCV  
  54  7:29  SCV  
  54  7:31  Marine x3  
  54  7:32  Siege Tank  
  60  7:37  Marine  
  60  7:41  SCV  
  63  7:49  Marine  
  64  7:52  Reaper  
  64  7:53  Marine x2  
  64  7:55  Marine  
  64  7:56  Starport Reactor  
  67  8:02  Command Center  
  67  8:04  Siege Tank  
  67  8:05  SCV x2  
  72  8:08  Factory  
  72  8:10  Medivac  
  74  8:13  Terran Infantry Armor Level 1, Barracks  
  74  8:15  Hi-Sec Auto Tracking, Barracks  
  74  8:21  Armory  
  73  8:29  Marine  
  73  8:30  Marine x3  
  77  8:36  Siege Tank  
  77  8:37  Marine  
  81  8:47  Marine x2  
  81  8:48  Marine  
  84  8:53  SCV x2  
  86  8:57  Factory Tech Lab  
  86  9:05  SCV x2  
  86  9:06  Supply Depot x2  
  86  9:07  Supply Depot  
  86  9:08  Siege Tank  
  86  9:09  Combat Shields  
  91  9:15  Medivac x2  
  95  9:17  SCV  
  95  9:33  Medivac  
  83  9:45  Medivac  
  83  10:11  Siege Tank x2  
  87  10:19  Marine x2  
  87  10:20  Marine x5  
  87  10:21  Orbital Command  
  94  10:29  SCV x2  
  96  10:37  Marine x3  
  96  10:38  Terran Vehicle Weapons Level 1, Terran Infantry Weapons Level 2, Terran Infantry Armor Level 2, Marine  
  96  10:41  SCV x2  
  102  10:43  Siege Tank x2  
  105  10:53  SCV  
  101  11:13  SCV x3  
  101  11:25  SCV x3  
  104  11:30  Refinery x2  
  104  11:37  SCV x3  
  104  11:38  Command Center  
  107  11:43  Marine x2  
  107  11:44  Marine x2  
  107  11:45  Barracks Reactor  
  107  11:46  Barracks Reactor  
  111  11:49  SCV x3  
  114  11:55  Command Center  
  115  12:01  SCV x2, Missile Turret  
  116  12:10  Factory  
  116  12:12  Barracks  
  116  12:15  Raven  
  118  12:16  Viking x2  
  118  12:52  Marine x5  
  118  12:53  Siege Tank, Marine x2  
  118  12:54  Siege Tank  
  118  12:55  Viking x2  
  118  12:58  Viking  
  137  13:10  Marine x2  
  139  13:25  Viking x2  
  139  13:26  Marine x2  
  139  13:27  Marine x5  
  145  13:28  Marine x2  
  152  13:35  Orbital Command  
  152  13:44  Marine  
Tags
 
Add a new tag
Caveats
  • Supply blocks, unpowered buildings, or Contaminate may cause inaccurate times.
  • Supply counts are checked every 10 seconds.